 Dungeon Crawl Stone Soup version 0.25-a0-435-g4b9beb1024 (webtiles) character file.

Game seed: 17377807437232005269, levelgen mode: deterministic

17602 Esekla the Thaumaturge (level 12, 0/54 HPs)
             Began as a Spriggan Venom Mage on Jan 27, 2020.
             Was an Initiate of Gozag.
             Killed from afar by an orc wizard (7 damage)
             ... with a magic dart
             ... on level 11 of the Dungeon on Jan 28, 2020.
             The game lasted 02:20:14 (14332 turns).

Esekla the Thaumaturge (Spriggan Venom Mage)       Turns: 14332, Time: 02:20:16

Health: 0/54       AC: -3    Str:  5    XL:     12   Next: 20%
Magic:  29/29      EV: 30    Int: 17    God:    Gozag
Gold:   2122       SH:  0    Dex: 19    Spells: 26/36 levels left

rFire    + + .     SeeInvis +   p - +8 falchion "Yniap" {protect, +Inv Dex+3}
rCold    . . .     Gourm    .   (shield restricted)
rNeg     . . .     Faith    .   A - +2 robe {Archmagi}
rPois    +         Spirit   .   (helmet restricted)
rElec    .         Reflect  .   m - +0 cloak
rCorr    .         Harm     .   (gloves unavailable)
MR       ++...                  (boots unavailable)
Stlth    ++........             r - amulet of regeneration
HPRegen  0.58/turn              a - ring of protection from fire
MPRegen  0.21/turn              B - +4 ring of evasion

@: confused, about to teleport, corroded, very quick
A: very small, unfitting armour, see invisible, dopey 2, fire resistance 1,
herbivore, speed 3, poison resistance, slow metabolism 2
a: Potion Petition, Call Merchant, Bribe Branch, Renounce Religion, Evoke
Invisibility


You were on level 11 of the Dungeon.
You worshipped Gozag.
Gozag was most pleased with you.
You were hungry.

You visited 3 branches of the dungeon, and saw 15 of its levels.

You collected 2403 gold pieces.
You spent 220 gold pieces at shops.
You paid 61 gold pieces to Gozag.

Inventory:

Hand Weapons
 p - the +8 falchion "Yniap" (weapon) {protect, +Inv Dex+3}
   (You took it off an orc wizard on level 4 of the Dungeon)

   It grants its wielder temporary protection when it strikes (+7 to AC).
   It affects your dexterity (+3).
   It lets you turn invisible.
 v - a +2 dagger of venom
 K - a +4 spear of freezing
 R - a +0 long sword of flaming
 T - a +2 vampiric falchion
Missiles
 o - 17 boomerangs
 H - 42 poisoned darts (quivered)
Armour
 m - a +0 cloak (worn)
 n - a +0 buckler
 A - a +2 robe of the Archmagi (worn)
Magical Staves
 P - an uncursed staff of air
Jewellery
 a - a ring of protection from fire (left hand)
 r - an amulet of regeneration (around neck)
 B - a +4 ring of evasion (right hand)
 L - an uncursed ring of fire
Wands
 e - a wand of paralysis (7)
 i - a wand of enslavement (2)
 w - a wand of flame (30)
 F - a wand of polymorph (10)
 Q - a wand of disintegration (20)
 S - a wand of acid (8)
Scrolls
 g - 3 scrolls of blinking {unknown}
 h - 10 scrolls of remove curse
 j - 3 scrolls of enchant armour {unknown}
 l - 3 scrolls of enchant weapon
 q - 2 scrolls of noise {unknown}
 s - 4 scrolls of amnesia {unknown}
 t - a scroll of fog {unknown}
 u - 7 scrolls of teleportation
 x - 3 scrolls of random uselessness {unknown}
 G - a scroll of magic mapping {unknown}
 J - 2 scrolls of immolation {unknown}
 M - 2 scrolls of vulnerability {unknown}
 N - a scroll of identify
Potions
 b - 2 potions of might
 d - a potion of ambrosia
 f - 6 potions of haste
 k - a potion of invisibility
 y - 3 potions of curing
 z - 4 potions of berserk rage
 C - 3 potions of agility
 D - a potion of heal wounds
 E - 2 potions of cancellation
 I - a potion of resistance {unknown}
 O - a potion of mutation
Comestibles
 c - 16 rations


   Skills:
 + Level 2.1 Fighting
 + Level 2.3(5.1) Short Blades
 + Level 5.4(5.5) Long Blades
 + Level 3.8 Throwing
 * Level 9.6 Dodging
 + Level 8.3 Stealth
 * Level 12.5 Spellcasting
 + Level 4.4 Conjurations
 - Level 1.3 Transmutations
 + Level 6.8 Air Magic
 + Level 8.1 Poison Magic
 * Level 3.7 Evocations


You had 26 spell levels left.
You knew the following spells:

 Your Spells              Type           Power        Failure   Level  Hunger
a - Sting                 Tmut/Pois      ####         1%          1    None
c - Mephitic Cloud        Conj/Pois/Air  #####...     1%          3    None
v - Poisonous Vapours     Pois/Air       ######       1%          2    None
x - Olgreb's Toxic Radia  Pois           ######..     2%          4    ##.....

Your spell library contained the following spells:

 Spells                   Type           Power        Failure   Level  Hunger
 Ignite Poison            Fire/Tmut/Pois ####....     5%          3    None
 Recall                   Summ/Tloc      N/A          21%         3    None
 Animate Dead             Necr           N/A          54%         4    ##.....
 Borgnjor's Vile Clutch   Necr/Erth      ###.......   88%         5    ####...
 Death Channel            Necr           ###.......   100%        6    ######.
 Simulacrum               Ice/Necr       ###.......   100%        6    ######.


Dungeon Overview and Level Annotations

Branches:
Dungeon (12/15)            Temple (1/1) D:5            Lair (2/6) D:8
    Orc (0/2) D:12
  Swamp: Lair:2-4    Shoals: Lair:2-4     Snake: Lair:2-4    Spider: Lair:2-4

Altars:
Ashenzari
Cheibriados
Dithmenos
Elyvilon
Fedhas
Gozag
Hepliaklqana
Kikubaaqudgha
Makhleb
Nemelex Xobeh
Okawaru
Qazlal
Ru
Sif Muna
Trog
Uskayaw
Vehumet
Wu Jian
Xom
Yredelemnul
Zin
The Shining One

Shops:
D:8 **

Annotations:
D:5 2 transporters, Yorgos's ghost, novice GnFi
D:7 3 runed translucent doors, Gruesome's ghost, novice OpFi
D:11 Nergalle


Innate Abilities, Weirdness & Mutations

You are very small and have problems with some larger weapons.
You are too small for most types of armour.
You have supernaturally acute eyesight. (SInv)
You are a herbivore.
You cover ground extremely quickly.
You need to consume almost no food.
You are very dopey. (Int -4)
Your flesh is heat resistant. (rF+)
Your system is resistant to poisons. (rPois)


Message History

You feel much better.
As you read the scroll of teleportation, it crumbles to dust.
You feel strangely unstable. The acid dragon spits acid at you.
The splash of acid hits you!
You are splashed with acid!
* * * LOW HITPOINT WARNING * * *
You feel better. The acid dragon bites you!
* * * LOW HITPOINT WARNING * * *
The acid dragon completely misses you.
An orc wizard comes into view. It is wielding a +0 dagger.
You are confused.
You feel invigorated. The acid dragon barely misses you.
The acid dragon closely misses you.
You're too confused to move!
The acid dragon bites you!
* * * LOW HITPOINT WARNING * * *
The acid dragon completely misses you. The orc wizard casts a spell at you.
The magic dart hits you!
You die...
Your body crumbles into a pile of gold.

##########
.......D.#
.#######@########
#......o..
#.######## #.# .
#.# ..#######.#
..#.......#
..#.......#
..#.......#


You could see an acid dragon and an orc wizard.

Vanquished Creatures
  Snorg (D:12)
  Harold (D:9)
  2 two-headed ogres
  Urug (D:11)
  Pikel (D:5)
  A wolf spider zombie (D:12)
  3 ugly things
  Joseph (D:8)
  Psyche (D:8)
  A komodo dragon (D:8)
  Maggie (D:6)
  A hornet (D:9)
  7 hippogriffs
  A troll (D:12)
  A centaur simulacrum (D:12)
  A wyvern (D:9)
  Grum (D:9)
  9 yaks
  2 hungry ghosts (D:8)
  4 vampire mosquitoes (D:12)
  Menkaure (D:5)
  3 porcupines
  4 sky beasts
  10 orc warriors
  An ice beast (D:9)
  A hornet zombie (D:12)
  A necrophage (D:9)
  4 phantoms
  3 slaves
  8 ogres
  2 wolves (D:9)
  4 centaurs
  2 crocodiles
  3 big kobolds
  4 bullfrogs
  A gnoll sergeant (D:6)
  7 scorpions
  5 killer bees (D:11)
  3 wights (D:8)
  A howler monkey (D:12)
  4 crimson imps
  A bullfrog skeleton (D:7)
  2 centaur zombies
  10 hounds
  2 jellies
  8 orc priests
  2 bullfrog zombies
  A quasit (D:10)
  A centaur skeleton (D:9)
  2 iguanas (D:8)
  20 orc wizards
  7 worker ants
  A hound zombie (D:5)
  2 hound skeletons (D:4)
  13 gnolls
  13 adders
  2 shadow imps
  An ooze (D:3)
  A worm (D:2)
  2 dart slugs
  4 leopard geckos
  67 orcs
  8 bats
  6 giant cockroaches
  4 goblins
  6 hobgoblins
  17 jackals
  5 quokkas
  2 ball pythons
  A ball python skeleton (D:3)
  7 frilled lizards
  A jackal skeleton (D:5)
  A jackal zombie (D:8)
  16 kobolds
  2 leopard gecko skeletons
  A quokka skeleton (D:5)
  10 rats
  A butterfly (D:6)
363 creatures vanquished.

Vanquished Creatures (others)
  A slave (D:5)
  A fungus (Lair:2)
  3 plants
5 creatures vanquished.

Grand Total: 368 creatures vanquished

Notes
Turn   | Place    | Note
-------+----------+-------------------------------------------
     0 | D:1      | Esekla the Spriggan Venom Mage began the quest for the Orb.
     0 | D:1      | Reached XP level 1. HP: 9/9 MP: 5/5
   570 | D:2      | Reached skill level 3 in Spellcasting
   601 | D:2      | Reached XP level 2. HP: 13/13 MP: 1/7
   609 | D:2      | Learned a level 2 spell: Poisonous Vapours
  1126 | D:2      | Reached XP level 3. HP: 16/16 MP: 5/8
  1182 | D:2      | Reached skill level 1 in Air Magic
  1301 | D:2      | Reached XP level 4. HP: 21/21 MP: 0/10
  1306 | D:2      | Learned a level 3 spell: Mephitic Cloud
  2210 | D:2      | Reached skill level 4 in Spellcasting
  2456 | D:3      | Noticed a phantom
  2509 | D:3      | Reached skill level 1 in Short Blades
  2509 | D:3      | Reached XP level 5. HP: 24/24 MP: 3/12
  2702 | D:4      | Noticed an ogre
  3130 | D:2      | Learned a level 4 spell: Olgreb's Toxic Radiance
  3633 | D:4      | Noticed a phantom
  3721 | D:4      | Reached skill level 5 in Spellcasting
  3721 | D:4      | Reached XP level 6. HP: 28/28 MP: 5/14
  3926 | D:4      | Reached skill level 1 in Conjurations
  4391 | D:4      | Identified the +8 falchion "Yniap" {protect, +Inv Dex+3}
  4413 | D:4      | Reached XP level 7. HP: 32/32 MP: 1/16
  4637 | D:4      | Reached skill level 6 in Spellcasting
  4810 | D:5      | Entered Level 5 of the Dungeon
  4810 | D:5      | Found a transporter.
  5030 | D:5      | Found a hazy altar of Hepliaklqana.
  5078 | D:5      | Reached XP level 8. HP: 36/36 MP: 6/19
  5113 | D:5      | Found a staircase to the Ecumenical Temple.
  5132 | D:5      | Reached skill level 7 in Spellcasting
  5132 | D:5      | Reached skill level 5 in Poison Magic
  5197 | D:5      | Found a transporter.
  5198 | D:5      | Noticed Yorgos's ghost (novice GnFi)
  5268 | Temple   | Entered the Ecumenical Temple
  5427 | Temple   | Became a worshipper of Gozag Ym Sagoz the Greedy
  5540 | D:5      | Noticed Menkaure
  5713 | D:4      | Reached skill level 1 in Long Blades
  5713 | D:4      | Reached skill level 5 in Stealth
  5839 | D:5      | Noticed Pikel
  6007 | D:5      | Killed Pikel
  6007 | D:5      | Reached skill level 1 in Throwing
  6113 | D:5      | Found a snail-covered altar of Cheibriados.
  6252 | D:5      | Reached skill level 8 in Spellcasting
  6252 | D:5      | Reached XP level 9. HP: 36/40 MP: 11/22
  6365 | D:6      | Reached skill level 5 in Dodging
  6431 | D:6      | Found a bloodstained altar of Trog.
  7106 | D:6      | Found a shimmering altar of Xom.
  7135 | D:6      | Reached skill level 5 in Air Magic
  7737 | D:7      | Noticed Maggie
  7755 | D:6      | Killed Maggie
  7825 | D:7      | Found a runed translucent gate.
  7825 | D:7      | Found a runed translucent gate.
  7825 | D:7      | Found a runed translucent gate.
  7825 | D:7      | Noticed a centaur warrior
  7825 | D:7      | Noticed Gruesome's ghost (novice OpFi)
  8131 | D:7      | Reached skill level 9 in Spellcasting
  8144 | D:8      | Noticed Joseph
  8461 | D:8      | Reached skill level 1 in Fighting
  8502 | D:8      | Found an ancient bone altar of Kikubaaqudgha.
  8534 | D:8      | Reached XP level 10. HP: 41/45 MP: 18/24
  8804 | D:8      | Noticed Psyche
  8823 | D:8      | Killed Psyche
  9150 | D:5      | Killed Menkaure
  9219 | D:8      | Killed Joseph
  9299 | D:9      | Found a shattered altar of Ashenzari.
  9384 | D:9      | Reached skill level 10 in Spellcasting
  9550 | D:9      | Noticed Harold
  9652 | D:8      | Found Lasm's General Store.
  9657 | D:8      | Bought a scroll of identify for 26 gold pieces
  9657 | D:8      | Bought a potion of mutation for 104 gold pieces
  9902 | D:8      | Found Vanun's General Store.
  9908 | D:8      | Bought a scroll of enchant weapon for 90 gold pieces
 10067 | D:8      | Found a staircase to the Lair.
 10277 | D:10     | Entered Level 10 of the Dungeon
 10280 | D:10     | Noticed a two-headed ogre
 10302 | D:10     | Killed a two-headed ogre
 10453 | D:10     | Reached XP level 11. HP: 46/49 MP: 5/26
 10600 | D:9      | Noticed Grum
 10603 | D:9      | Killed Grum
 10868 | D:9      | Killed Harold
 10925 | D:9      | Gained mutation: You are dopey. (Int -2) [potion of
                  | mutation]
 10925 | D:9      | Gained mutation: You have large cloven feet. [potion of
                  | mutation]
 10925 | D:9      | Gained mutation: You are very dopey. (Int -4) [potion of
                  | mutation]
 10925 | D:9      | Gained mutation: You expend magic power (3 MP) to
                  | strengthen your wands. [potion of mutation]
 10926 | D:9      | Lost mutation: You expend magic power (3 MP) to strengthen
                  | your wands. [potion of mutation]
 10926 | D:9      | Lost mutation: You have large cloven feet. [potion of
                  | mutation]
 10926 | D:9      | Gained mutation: Your system is resistant to poisons.
                  | (rPois) [potion of mutation]
 10926 | D:9      | Gained mutation: Your flesh is heat resistant. (rF+)
                  | [potion of mutation]
 11566 | D:10     | Got an encrusted rapier
 11584 | D:10     | Identified the +8 rapier of Intimidation {antimagic, Str+3}
                  | (You found it on level 10 of the Dungeon)
 11751 | Lair:1   | Entered Level 1 of the Lair of Beasts
 11755 | Lair:1   | Noticed a seven-headed hydra
 11821 | Lair:1   | Reached skill level 11 in Spellcasting
 12189 | Lair:2   | Reached skill level 1 in Evocations
 12475 | D:11     | Noticed Nergalle
 12484 | D:11     | Noticed Urug
 12495 | D:11     | Killed Urug
 12525 | D:11     | Noticed a brown ugly thing
 12597 | D:11     | Killed a brown ugly thing
 12786 | D:12     | Reached skill level 5 in Long Blades
 12869 | D:12     | Noticed Snorg
 12876 | D:12     | Noticed a two-headed ogre
 12911 | D:12     | Killed a two-headed ogre
 13081 | D:12     | Killed Snorg
 13081 | D:12     | Reached skill level 12 in Spellcasting
 13238 | D:12     | Found a staircase to the Orcish Mines.
 13355 | D:12     | Noticed a purple ugly thing
 13367 | D:12     | Killed a purple ugly thing
 13367 | D:12     | Reached XP level 12. HP: 54/54 MP: 18/29
 14332 | D:11     | Killed from afar by an orc wizard

Levels and vault maps discovered:
D:1:      giann_horns, layout_basic, minivault_19, minmay_heptomino_w4
D:2:      layout_loops_cross
D:3:      layout_rooms
D:4:      layout_gridville, minmay_fractal_squares_diagonal_5
D:5:      layout_rooms, overflow_temple_1_default, kennysheep_slug_shrine,
          minmay_temple_entry_grid, first_ration, gammafunk_ghost_mausoleum,
          eino_tiny_chamber, uniq_menkaure, uniq_pikel
D:6:      layout_loops_corners, xom_butterflies, bloody_trog
D:7:      layout_rooms, gammafunk_ghost_split, minmay_quadrilaterals,
          uniq_maggie
D:8:      layout_loops_cross, lemuel_doored_altar, david_lair_shrubbed,
          serial_shops, shop, kennysheep_little_box, blue_anna_alchemist
          [blue_anna_fruit_fields, blue_anna_fruit_fields],
          ebering_dispersal_statue_hall, uniq_joseph, uniq_psyche
D:9:      layout_long_grid, nicolae_ashenzari_panopticon, uniq_harold, uniq_grum
D:10:     layout_loops_ring
D:11:     layout_small_grid, serial_co_window_serial, co_window_paths_a,
          co_window_paths_a, co_window_paths_b, co_window_corner_a,
          co_window_paths_b, co_window_paths_a, co_window_2corner,
          co_window_2corner, co_window_corner_cb, co_window_cross_4,
          co_window_of_opportunity_c, co_window_corner_ca, co_window_4corner_b,
          glass_columns_a, glass_columns_b, glass_columns_b, uniq_urug,
          uniq_nergalle
D:12:     layout_stronghold, david_orc_4, mrwooster_statue_mirror, uniq_snorg
Temple:   compressed_dpeg_circular_temple
Lair:1:   dragon1_lemuel, layout_long_grid
Lair:2:   layout_regular_city, dummy_snake_entry, uniq_erica

Skill      XL: |  1  2  3  4  5  6  7  8  9 10 11 |
---------------+----------------------------------+-----
Spellcasting   | 3 4 5 6 8 9 10 12 | 12.5
Air Magic      | 1 2 3 4 5 6 |  6.8
Stealth        | 4 5 6 7 8 |  8.3
Short Blades   | 1 2 |  2.3
Conjurations   | 1 2 3 4 |  4.4
Poison Magic   | 4 5 6 7 8 |  8.1
Long Blades    | 1 3 4 5 |  5.4
Dodging        | 4 6 7 9 |  9.6
Throwing       | 1 2 3 |  3.8
Fighting       | 1 2 |  2.1
Evocations     | 3 |  3.7
Transmutations | |  1.3

Action                   |  1- 3 |  4- 6 |  7- 9 | 10-12 || total
-------------------------+-------+-------+-------+-------++-------
Melee: Unarmed           |     2 |       |       |       ||     2
       Dagger            |    16 |   125 |    31 |    35 ||   207
       Falchion          |       |       |   204 |   315 ||   519
Throw: Boomerang         |       |     2 |    38 |    83 ||   123
 Cast: Sting             |    13 |     2 |       |       ||    15
       Poisonous Vapours |    15 |    98 |   108 |   213 ||   434
       Mephitic Cloud    |       |     2 |    12 |    11 ||    25
  Use: Scroll            |       |       |     9 |     6 ||    15
       Potion            |       |       |       |     6 ||     6
 Stab: Sleeping          |     2 |    11 |    11 |    15 ||    39
       Distracted        |       |       |     1 |     3 ||     4
       Confused          |       |       |    10 |    10 ||    20
  Eat: Ration            |       |     2 |     3 |     3 ||     8
Armor: Robe              |       |    18 |    30 |    45 ||    93
       Skin              |       |       |       |     4 ||     4
Dodge: Dodged            |    14 |   157 |   195 |   420 ||   786
       Rpst.: Falchion   |       |       |    44 |    96 ||   140

Table legend:
 A = Non-vault XP
 B = Vault XP
 C = Vault XP percentage of total XP
 D = Non-vault monster count
 E = Vault monster count
 F = Vault count percentage of total count
                 A         B        C        D         E       F
            +---------+---------+-------+---------+---------+-------
      Total |   18212 |    6935 |  27.6 |     315 |      44 |  12.3
            +---------+---------+-------+---------+---------+-------
        D:1 |      34 |      10 |  22.7 |      19 |       7 |  26.9
        D:2 |     149 |       0 |   0.0 |      33 |       0 |   0.0
        D:3 |      74 |       0 |   0.0 |      28 |       0 |   0.0
        D:4 |     793 |     326 |  29.1 |      21 |       7 |  25.0
        D:5 |     803 |     783 |  49.4 |      27 |       3 |  10.0
        D:6 |     622 |     379 |  37.9 |      22 |       1 |   4.3
        D:7 |    1155 |     108 |   8.6 |      18 |       1 |   5.3
        D:8 |    1850 |    1398 |  43.0 |      28 |       4 |  12.5
        D:9 |    2120 |    1404 |  39.8 |      19 |       4 |  17.4
       D:10 |    2179 |       0 |   0.0 |      35 |       0 |   0.0
       D:11 |    1389 |     871 |  38.5 |      18 |       1 |   5.3
       D:12 |    5036 |    1656 |  24.7 |      36 |      16 |  30.8
     Lair:1 |    1601 |       0 |   0.0 |       9 |       0 |   0.0
     Lair:2 |     407 |       0 |   0.0 |       2 |       0 |   0.0
            +---------+---------+-------+---------+---------+-------
